 Dungeon Crawl Stone Soup version 0.15-a0-2388-g9f833ab (webtiles) character file.

32 Gekot the Magician (level 3, 0/19 HPs)
             Began as a Deep Elf Wizard on Aug 2, 2014.
             Slain by a gnoll
             ... wielding a +0 club
              (7 damage)
             ... on Level 3 of the Dungeon.
             The game lasted 00:04:10 (1434 turns).

Gekot the Magician (Deep Elf Wizard)                Turns: 1434, Time: 00:04:10

HP   0/19        AC  4     Str  4      XL: 3   Next: 10%
MP  12/14        EV 10     Int 23      God:
Gold 73          SH  0     Dex 13      Spells:  5 memorised,  1 level left

rFire  . . .     SeeInvis .     f - +2 dagger (venom)
rCold  . . .     Clarity  .     h - +0 leather armour
rNeg   . . .     rCorr    .     (no shield)
rPois  .         rRot     .     b - +0 hat
rElec  .         Spirit   .     (no cloak)
SustAb .         Warding  .     g - +0 pair of gloves
rMut   .         Stasis   .     (no boots)
Gourm  .                        (no amulet)
MR     .....                    (no ring)
                                (no ring)

@: not resistant to hostile enchantments, unstealthy
A: no striking features
a: no special abilities


You were on level 3 of the Dungeon.
You were not hungry.

You visited 1 branch of the dungeon, and saw 3 of its levels.

You collected 73 gold pieces.

Inventory:

Hand weapons
 f - a +2 dagger of venom (weapon)
Armour
 a - a +0 robe
 b - a +0 hat (worn)
 g - a +0 pair of gloves (worn)
 h - a +0 leather armour (worn)
Comestibles
 d - a bread ration
 o - a royal jelly
 q - 2 fruits
Scrolls
 j - a scroll of immolation {unknown}
 k - 4 scrolls of identify {unknown}
 l - a scroll of remove curse {unknown}
 m - 2 scrolls of teleportation {unknown}
 n - a scroll of enchant armour {unknown}
 p - a scroll of amnesia {unknown}
Jewellery
 s - an uncursed ring of magical power {unknown}
Potions
 e - a potion of curing {unknown}
 i - 2 potions of cure mutation {unknown}
 r - 2 potions of magic {unknown}
Books
 c - a book of Minor Magic

   Spells                             Type                      Level
   *Magic Dart                        Conjuration                  1
   *Blink                             Translocation                2
   *Call Imp                          Summoning                    2
   Repel Missiles                     Charms/Air                   2
   Slow                               Hexes                        2
   *Conjure Flame                     Conjuration/Fire             3
   *Mephitic Cloud                    Conjuration/Poison/Air       3


   Skills:
 - Level 2.4 Dodging
 - Level 2.4 Stealth
 + Level 5.4 Spellcasting
 + Level 2.2 Conjurations
 - Level 1.1 Summonings
 - Level 1.1 Translocations


You had one spell level left.
You knew the following spells:

 Your Spells              Type           Power        Failure   Level  Hunger
a - Magic Dart            Conj           ###.         4%          1    None
b - Blink                 Tloc           N/A          12%         2    None
c - Call Imp              Summ           ##......     12%         2    None
d - Mephitic Cloud        Conj/Pois/Air  #.......     21%         3    ##.....
e - Conjure Flame         Conj/Fire      ##......     21%         3    ##.....


Dungeon Overview and Level Annotations

Branches:
Dungeon (3/15)

Altars:


Message History

Aim: an ooze The magic dart hits the ooze.
The ooze is lightly wounded.
The gnoll throws a throwing net.
The throwing net hits you.
You become entangled in the net!
You can't do that while held in a net.
Unknown command.
You struggle against the net.
You try to slip out of the net.
You try to slip out of the net.
The ooze hits you but does no damage. The gnoll hits you with a club.
A gnoll comes into view.
You slip out of the net!
The gnoll shouts!
The gnoll barely misses you.
The gnoll drinks a potion.
The gnoll seems to speed up.
The ooze hits you but does no damage. The goblin barely misses you.
The gnoll hits you from afar with a spear!
The gnoll hits you with a club!
You die...

#.. . #.# .
..###.###..
.............
...............
.......).......
...............
.........g.......
#...@J.......
#....gg?.g...
#.......##.#
.....#####
....... ......
..... <#.#


You could see an ooze, 3 gnolls and a goblin.

Vanquished Creatures
  A giant mite (D:1)
  A giant gecko (D:1)
  An ooze (D:2)
  A giant cockroach (D:1)
  5 goblins
  3 hobgoblins (D:1)
  3 bats
  A giant newt (D:2)
  4 kobolds (D:1)
  3 rats
23 creatures vanquished.

Notes
Turn   | Place    | Note
--------------------------------------------------------------
     0 | D:1      | Gekot, the Deep Elf Wizard, began the quest for the Orb.
     0 | D:1      | Reached XP level 1. HP: 10/10 MP: 6/6
   334 | D:1      | Reached XP level 2. HP: 15/15 MP: 7/10
   357 | D:1      | Reached skill level 5 in Spellcasting
   685 | D:2      | Reached XP level 3. HP: 11/19 MP: 8/14
   689 | D:2      | Learned a level 2 spell: Blink
   692 | D:2      | Learned a level 2 spell: Call Imp
   696 | D:2      | Learned a level 3 spell: Mephitic Cloud
   700 | D:2      | Learned a level 3 spell: Conjure Flame
  1434 | D:3      | Slain by a gnoll

Action                   || total
-------------------------++-------
Melee: Unarmed           ||     2
       Dagger            ||     2
 Cast: Magic Dart        ||    54
       Blink             ||    32
  Eat: Chunk             ||     1
